 Dungeon Crawl Stone Soup version 0.23.1 (webtiles) character file.

Game seed: 6860133681558657613

73 Borgoz the Sneak (level 4, 0/35 HPs)
             Began as a Ghoul Enchanter on Mar 2, 2019.
             Slain by a gnoll
             ... wielding a +0 flail
              (5 damage)
             ... on level 3 of the Dungeon.
             The game lasted 00:03:46 (1784 turns).

Borgoz the Sneak (Ghoul Enchanter)                  Turns: 1784, Time: 00:03:47

Health: 0/35       AC:  3    Str: 11    XL:     4   Next: 27%
Magic:  6/6        EV: 12    Int: 10    God:
Gold:   131        SH:  0    Dex: 10    Spells: 6/7 levels left

rFire    . . .     SeeInvis .   b - +0 blowgun
rCold    + . .     Gourm    .   (no shield)
rNeg     + + +     Faith    .   c - +0 leather armour
rPois    ∞         Spirit   .   (no helmet)
rElec    .         Reflect  .   (no cloak)
rCorr    .         Harm     .   (no gloves)
MR       .....                  (no boots)
Stlth    ++........             (no amulet)
HPRegen  0.00/turn              (no ring)
MPRegen  0.10/turn              (no ring)

@: rotting
A: rotting body, claws 1, carnivore, cold resistance 1, negative energy
resistance 3, inhibited regeneration, torment resistance, unbreathing
a: no special abilities


You were on level 3 of the Dungeon.
You were not hungry.

You visited 1 branch of the dungeon, and saw 3 of its levels.

You collected 131 gold pieces.

Inventory:

Hand Weapons
 a - a +1 dagger
 b - a +0 blowgun (weapon)
Missiles
 k - 12 poisoned needles (quivered)
Armour
 c - a +0 leather armour (worn)
 g - a +0 ring mail
Jewellery
 j - an uncursed ring of ice
Wands
 o - a wand of clouds (6)
Scrolls
 e - a scroll of identify
 f - 3 scrolls of remove curse
 h - a scroll of immolation {unknown}
 m - a scroll of teleportation {unknown}
Potions
 i - a potion of degeneration {unknown}
 l - 2 potions of curing {unknown}
Comestibles
 d - 6 rations
 n - 5 chunks of flesh


   Skills:
 + Level 1.1 Fighting
 * Level 2.1 Short Blades
 + Level 0.0 Throwing
 + Level 2.2 Dodging
 + Level 3.6 Stealth
 + Level 2.1 Spellcasting
 + Level 2.7 Hexes


You had 6 spell levels left.
You knew the following spells:

 Your Spells              Type           Power        Failure   Level  Hunger
a - Corona                Hex            #......      13%         1    ##.....

Your spell library contained the following spells:

 Spells                   Type           Power        Failure   Level  Hunger
 Ensorcelled Hibernation  Hex/Ice        #.....       34%         2    ###....
 Confuse                  Hex            #.......     36%         3    ####...
 Tukima's Dance           Hex            #.......     36%         3    ####...
 Dazzling Spray           Conj/Hex       #.....       56%         3    ####...


Dungeon Overview and Level Annotations

Branches:
Dungeon (3/15)

Altars:

Annotations:
D:2 Natasha


Innate Abilities, Weirdness & Mutations

Your body is rotting away.
You thrive on raw meat.
You are immune to poison.
You have sharp fingernails.
You are carnivorous and can eat meat at any time.
Your flesh is cold resistant. (rC+)
You are immune to negative energy. (rN+++)
You do not regenerate when monsters are visible.
You are immune to unholy pain and torment.
You can survive without breathing.


Message History

Press: ? - help, Shift-Dir - straight line, f/p - gnoll
Aim: a gnoll You shoot a poisoned needle.
The poisoned needle hits the gnoll.
The gnoll barely misses you.
Firing (i - inventory)
k - 14 poisoned needles (quivered)
Press: ? - help, Shift-Dir - straight line, f/p - gnoll
Aim: a gnoll You shoot a poisoned needle.
The poisoned needle hits the gnoll.
The gnoll is poisoned.
The gnoll hits you!
Firing (i - inventory)
k - 13 poisoned needles (quivered)
Press: ? - help, Shift-Dir - straight line, f/p - gnoll
Aim: a gnoll (poisoned)
You shoot a poisoned needle. The poisoned needle hits the gnoll.
The gnoll hits you.
The gnoll shouts!
The gnoll hits you with a +0 flail.
* * * LOW HITPOINT WARNING * * *
The gnoll looks more healthy.
The gnoll hits you with a +0 flail.
You die...

##.##.###.########.#
#..<.# #÷# #.#
#..###
#.########.#####.#
#..#
###g........g......#
#.##
#.g.....>.##.#######
..# #.#######.##g#
#######g## ###...#g#
.......g.# #)..#.g.#
#####.#(.# #.#..@###
#.#.(###.##.##
#..g.....##.#
#.#..######.# #.#..#
#.# . #..# #.# #
#.)# #.# #.(# #.#
#..g((....


You could see 3 gnolls.

Vanquished Creatures
  A gnoll (D:3)
  2 adders (D:2)
  5 dart slugs (D:1)
  3 leopard geckos
  A ball python (D:1)
  A giant cockroach (D:1)
  2 goblins
  4 hobgoblins
  5 bats
  A frilled lizard (D:1)
  7 kobolds
  A quokka skeleton (D:3)
  3 rats
36 creatures vanquished.

Vanquished Creatures (others)
  4 toadstools (D:1)
4 creatures vanquished.

Grand Total: 40 creatures vanquished

Notes
Turn   | Place    | Note
-------+----------+-------------------------------------------
     0 | D:1      | Borgoz the Ghoul Enchanter began the quest for the Orb.
     0 | D:1      | Reached XP level 1. HP: 14/14 MP: 2/2
    34 | D:1      | Reached skill level 1 in Short Blades
   109 | D:1      | Reached XP level 2. HP: 8/22 MP: 1/3
   538 | D:1      | Reached XP level 3. HP: 10/27 MP: 3/5
  1254 | D:2      | Reached skill level 1 in Fighting
  1530 | D:2      | Noticed Natasha
  1536 | D:2      | Reached XP level 4. HP: 27/34 MP: 6/6
  1784 | D:3      | Slain by a gnoll

Skill      XL: |  1  2  3 |
---------------+----------+-----
Short Blades   | 1 2 |  2.1
Dodging        | 2 |  2.2
Spellcasting   | 2 |  2.1
Fighting       | 1 |  1.1
Stealth        | |  3.6
Hexes          | |  2.7

Action                   |  1- 3 |  4- 6 || total
-------------------------+-------+-------++-------
Melee: Dagger            |   120 |    20 ||   140
 Fire: Blowgun           |       |    14 ||    14
 Cast: Corona            |     1 |       ||     1
  Use: Scroll            |     1 |       ||     1
 Stab: Sleeping          |     2 |       ||     2
  Eat: Chunk             |    10 |     1 ||    11
Armor: Robe              |    26 |       ||    26
       Leather armour    |       |     1 ||     1
Dodge: Dodged            |    61 |    12 ||    73
